 Dungeon Crawl Stone Soup version 0.23.0-42-geed6394 (webtiles) character file.

Game seed: 14032859357240324004

39 Lavandula the Insei (level 3, 0/18 HPs)
             Began as a Vine Stalker Transmuter on Feb 28, 2019.
             Succumbed to an adder's poison
             ... on level 2 of the Dungeon.
             The game lasted 00:04:17 (1677 turns).

Lavandula the Insei (Vine Stalker Transmuter)       Turns: 1677, Time: 00:04:18

Health: 0/18       AC:  2    Str: 13    XL:     3   Next: 45%
Magic:  1/7        EV: 12    Int: 13    God:
Gold:   61         SH:  0    Dex: 14    Spells: 0/6 levels left

rFire    . . .     SeeInvis .     - Unarmed
rCold    . . .     Gourm    .   (no shield)
rNeg     . . .     Faith    .   b - +0 robe
rPois    .         Spirit   +   (no helmet)
rElec    .         Reflect  .   (no cloak)
rCorr    .         Harm     .   (no gloves)
MR       .....                  (no boots)
Stlth    +.........             (no amulet)
HPRegen  0.06/turn              (no ring)
MPRegen  0.10/turn              (no ring)

@: lethally poisoned (0 -> -15), very slightly contaminated
A: fangs 2, magic shield, antimagic bite, no potion heal 3, rot immunity
a: no special abilities


You were on level 2 of the Dungeon.
You were near starving.

You visited 1 branch of the dungeon, and saw 2 of its levels.

You collected 61 gold pieces.

Inventory:

Missiles
 a - 36 arrows
Armour
 b - a +0 robe (worn)
Scrolls
 c - 2 scrolls of remove curse {unknown}
 e - a scroll of fog {unknown}
Potions
 f - 2 potions of brilliance {unknown}
 g - a potion of berserk rage {unknown}
 h - 2 potions of ambrosia {unknown}
 i - a potion of mutation {unknown}
 k - a potion of curing {unknown}
Comestibles
 d - 2 rations


   Skills:
 - Level 2.0 Fighting
 - Level 1.5 Dodging
 + Level 3.8 Unarmed Combat
 - Level 2.1 Spellcasting
 - Level 2.0 Transmutations


You couldn't memorise any spells.
You knew the following spells:

 Your Spells              Type           Power        Failure   Level  Hunger
a - Beastly Appendage     Tmut           #.....       11%         1    ##.....
b - Sticks to Snakes      Tmut           #.......     17%         2    ###....
c - Spider Form           Tmut/Pois      #.........   45%         3    ####...

Your spell library contained the following spells:

 Spells                   Type           Power        Failure   Level  Hunger
 Ice Form                 Ice/Tmut       #.......     86%         4    #####..
 Blade Hands              Tmut           #.........   97%         5    ######.


Dungeon Overview and Level Annotations

Branches:
Dungeon (2/15)

Altars:
Qazlal
Sif Muna


Innate Abilities, Weirdness & Mutations

You have extremely sharp teeth.
When hurt, damage is shared between your health and your magic reserves.
Your bite disrupts and absorbs the magic of your enemies.
Potions cannot restore your health.
You are immune to rotting.


Message History

Your ball python constricts the adder.
An adder comes into view.
You feel sick.
The adder closely misses your ball python.
Your ball python bites the adder. x2; Your ball python constricts the adder.
The adder bites you.
* * * LOW HITPOINT WARNING * * *
You are more poisoned.
The adder poisons you!
Okay, then.
Sorry, you're not good enough to have a special ability.
Unknown command.
* * * LOW HITPOINT WARNING * * *
You feel sick. The adder bites your ball python.
Your ball python dies!
Your ball python completely misses the adder.
Your ball python misses the adder.
The adder barely misses your ball python.
You see here an adder skeleton.
You die...

.##.# ##.#...... ................
....S. ....... .....##.S..
#....S.# #......# ###...KS.#
........รท.# .# .###.....@### .#
. ...........# .# .##
###......#.#####.# ..#
#......#.......# #.#
##################.......# #.#
.........................# #.#
##################.......# #.#
###...### #.......# #.#
#######E#...#E####.......######..


You could see 3 adders, a kobold and a friendly ball python.

Vanquished Creatures
  2 adders (D:2)
  2 leopard geckos (D:1)
  An orc (D:2)
  A giant cockroach (D:1)
  A goblin (D:1)
  3 hobgoblins (D:1)
  A jackal (D:2)
  2 kobolds
  A quokka (D:2)
  4 bats
18 creatures vanquished.

Vanquished Creatures (collateral kills)
  2 jackals (D:2)
2 creatures vanquished.

Grand Total: 20 creatures vanquished

Notes
Turn   | Place    | Note
-------+----------+-------------------------------------------
     0 | D:1      | Lavandula the Vine Stalker Transmuter began the quest for
                  | the Orb.
     0 | D:1      | Reached XP level 1. HP: 9/9 MP: 4/4
   359 | D:1      | Reached skill level 1 in Fighting
   396 | D:1      | Reached XP level 2. HP: 14/14 MP: 4/6
   670 | D:1      | Learned a level 2 spell: Sticks to Snakes
   959 | D:2      | Found a deep blue altar of Sif Muna.
  1246 | D:2      | Reached XP level 3. HP: 7/18 MP: 0/7
  1401 | D:2      | Noticed a fire elemental
  1402 | D:2      | Found a stormy altar of Qazlal.
  1405 | D:2      | Noticed an air elemental
  1405 | D:2      | Noticed a water elemental
  1405 | D:2      | Noticed an earth elemental
  1520 | D:1      | Learned a level 3 spell: Spider Form
  1677 | D:2      | Succumbed to an adder's poison

Skill      XL: |  1  2 |
---------------+-------+-----
Fighting       | 1 2 |  2.0
Dodging        | |  1.5
Unarmed Combat | |  3.8
Spellcasting   | |  2.1
Transmutations | |  2.0

Action                   || total
-------------------------++-------
Melee: Unarmed           ||    70
       Bite              ||    16
       Kick              ||     3
       Headbutt          ||     1
 Cast: Beastly Appendage ||    11
       Sticks to Snakes  ||    11
  Eat: Chunk             ||     2
Armor: Robe              ||    17
Dodge: Dodged            ||    54
